AoeStats
← johnnyc0412

Arabia

509737737Analyzed
1v1 RM · 4d ago on Sep 27, 2026· 29m 1s· 2 players
Game mode
Random Map
Map size
Tiny (2 player)
Population
200
Speed
Normal
Resources
Standard
Victory
Conquest
Starting age
Dark Age
Ending age
Imperial Age
RankedLock teamsTeams togetherTeam positionsShared explorationLock speedFull tech treeHidden civsTurbo modeCheats
Victory
Defeat
🇺🇸 Ethiopians · United States
772
+15
🇫🇷 Bulgarians · France
759
-15
Ch3f-Cuist0
7:43 Loom
10:06 Feudal Age
11:42 Double-Bit Axe
17:00 Scale Mail Armor
20:15 Fletching
21:53 Padded Archer Armor
25:43 Horse Collar
27:57 Wheelbarrow
johnnyc0412
9:33 Feudal Age
8:57 Loom
9:58 Double-Bit Axe
14:45 Fletching
25:34 Castle Age
25:58 Padded Archer Armor
25:38 Crossbowman
26:17 Bodkin Arrow
Connection lost

Rejoining the realm…

Still unreachable

The connection could not be restored.

Session expired

The server has moved on; the page needs a fresh start.